AoeStats
← alix

Arabia

503655350Analyzed
1v1 RM · 1mo ago on Sep 1, 2026· 38m 29s· 2 players
Game mode
Random Map
Map size
Tiny (2 player)
Population
200
Speed
Normal
Resources
Standard
Victory
Conquest
Starting age
Dark Age
Ending age
Imperial Age
RankedLock teamsTeams togetherTeam positionsShared explorationLock speedFull tech treeHidden civsTurbo modeCheats
Victory
Defeat
🇩🇪 Mapuche · Germany
1816
+14
🇪🇸 Lithuanians · Spain
1772
-14
korn
4:24 Loom
5:49 Loom
10:05 Feudal Age
10:50 Horse Collar
12:50 Double-Bit Axe
13:17 Horse Collar
19:38 Castle Age
20:30 Bow Saw
20:21 Heavy Plow
25:46 Elite Skirmisher
26:39 Fletching
26:52 Padded Archer Armor
27:30 Ballistics
27:28 Bodkin Arrow
28:39 Leather Archer Armor
29:05 Gold Mining
30:29 Wheelbarrow
30:05 Thumb Ring
30:43 Stone Mining
31:51 Hand Cart
31:21 Town Watch
31:53 Town Watch
33:42 Forging
33:33 Scale Mail Armor
33:03 Pikeman
33:43 Squires
33:29 Arson
36:18 Imperial Age
36:10 Chain Mail Armor
36:43 Iron Casting
36:23 Halberdier
38:07 Masonry
38:43 Bracer
alix
5:53 Loom
8:21 Feudal Age
9:32 Double-Bit Axe
9:29 Horse Collar
19:03 Castle Age
17:15 Fletching
18:08 Padded Archer Armor
18:49 Gold Mining
19:45 Bodkin Arrow
20:24 Bow Saw
20:18 Heavy Plow
22:41 Wheelbarrow
26:11 Stone Mining
32:24 Imperial Age
29:44 Town Watch
31:45 Stone Shaft Mining
31:47 Gold Shaft Mining
31:32 Hand Cart
31:37 Forging
34:51 Conscription
34:59 Ballistics
36:04 Iron Casting
36:41 Chemistry
38:40 Masonry
37:56 Elite Bolas Rider
39:56 Blast Furnace
Connection lost

Rejoining the realm…

Still unreachable

The connection could not be restored.

Session expired

The server has moved on; the page needs a fresh start.